 Dungeon Crawl Stone Soup version 0.31-a0-1-g4198be8af4 (webtiles) character file.

Game seed: 5140218694076170641

17570 themarg the Grand Scion (level 12, -1/87 HPs)
             Began as a Merfolk Summoner on Apr 30, 2023.
             Was a High Priest of Hepliaklqana.
             Slain by a thrashing horror (4 damage)
             ... in a Gauntlet.
             The game lasted 00:49:09 (14607 turns).

themarg the Grand Scion (Merfolk Summoner)         Turns: 14607, Time: 00:49:10

Health: -1/87      AC:  6    Str:  9    XL:     12   Next: 49%
Magic:  7/21       EV: 11    Int: 23    God:    Hepliaklqana [*****.]
Gold:   939        SH:  8    Dex: 15    Spells: 8/21 levels left

rFire   . . .        N - +5 trident
rCold   . . .        V - +3 buckler "Inwaamuixe" {rElec rPois}
rNeg    . . .        i - +0 troll leather armour
rPois   +            T - -2 helmet of Sloth {rElec Int+5}
rElec   +            y - +0 cloak
rCorr   .            m - +0 pair of gloves
SInv    .            c - +0 pair of boots
Will    +....        (no amulet)
Stlth   ++           k - +4 ring of slaying
HPRegen 1.14/turn    U - ring of willpower
MPRegen 0.17/turn

%: no teleportation
@: very slightly contaminated
A: reduced essence, (nimble swimmer 2), mertail
a: Renounce Religion, Recall Ancestor, Ancestor Identity, Transference, Idealise


You were in a Gauntlet.
You worshipped Hepliaklqana.
Hepliaklqana was extremely pleased with you.
You visited 3 branches of the dungeon, and saw 13 of its levels.
You also visited: Sewer, Ossuary and Gauntlet.

You collected 939 gold pieces.

Inventory:

Hand Weapons
 N - a +5 trident (weapon)
Missiles
 f - 9 boomerangs of dispersal
 P - 19 poisoned darts
Armour
 c - a +0 pair of boots (worn)
 i - a +0 troll leather armour (worn)
 m - a +0 pair of gloves (worn)
 y - a +0 cloak (worn)
 T - the -2 helmet of Sloth (worn) {rElec Int+5}
   (You found it on level 8 of the Dungeon)

   Int:       It affects your intelligence (+5).
   rElec:     It insulates you from electricity.
 V - the +3 buckler "Inwaamuixe" (worn) {rElec rPois}
   (You acquired it on level 7 of the Dungeon)

   rElec:     It insulates you from electricity.
   rPois:     It protects you from poison.
Magical Staves
 M - the staff of air "Lext" {rElec rC+ Stlth+}
   (You found it on level 6 of the Dungeon)

   [staff of air]

   Base accuracy: +5 Base damage: 5 Base attack delay: 1.2 This weapon's minimum
   attack delay (0.6) is reached at skill level 12.
   rC:        It protects you from cold.
   rElec:     It insulates you from electricity.
   Stlth:     It makes you more stealthy.
   It falls into the 'Staves' category.
   It is a one-handed weapon.
Jewellery
 a - the ring "Juedets" {Ice Will+ Str+6 Slay+2}
   (You found it in a Gauntlet)

   [ring of ice]

   It enhances your ice magic.
   Str:       It affects your strength (+6).
   Slay:      It affects your accuracy & damage with ranged weapons and melee
   (+2).
   rF:        It makes you vulnerable to fire.
   rC:        It protects you from cold.
   Will:      It increases your willpower.
 k - a +4 ring of slaying (left hand)
 U - a ring of willpower (right hand)
Wands
 h - a wand of mindburst (19)
 u - a wand of acid (2)
 L - a wand of roots (8)
 W - a wand of digging (5)
 Y - a wand of charming (9)
Scrolls
 e - 3 scrolls of poison
 g - a scroll of brand weapon
 p - a scroll of butterflies {unknown}
 r - 5 scrolls of fog
 s - 6 scrolls of enchant weapon
 x - 2 scrolls of amnesia
 z - 2 scrolls of torment
 E - 3 scrolls of immolation
 F - 3 scrolls of fear
 G - a scroll of blinking
 H - 2 scrolls of silence
 J - 2 scrolls of vulnerability {unknown}
 R - a scroll of enchant armour {unknown}
Potions
 b - a potion of magic
 j - 4 potions of curing
 l - 5 potions of attraction
 q - a potion of invisibility {unknown}
 v - 6 potions of brilliance
 w - 5 potions of mutation
 B - 2 potions of might {unknown}
 C - 3 potions of berserk rage
 D - a potion of lignification {unknown}
 I - 4 potions of haste
 K - a potion of ambrosia {unknown}
 O - 2 potions of degeneration {unknown}
 Q - a potion of flight {unknown}
Miscellaneous
 X - a phial of floods


   Skills:
 + Level 9.7 Fighting
 - Level 7.0 Polearms
 - Level 2.0 Throwing
 - Level 2.6 Dodging
 - Level 2.1 Stealth
 - Level 5.0 Shields
 - Level 5.0 Spellcasting
 + Level 1.2 Conjurations
 - Level 10.0 Summonings
 + Level 4.4 Air Magic
 + Level 1.8 Poison Magic
 - Level 12.0 Invocations
 - Level 2.0 Evocations


You had 8 spell levels left.
You knew the following spells:

 Your Spells              Type           Power      Damage    Failure   Level
a - Summon Small Mammal   Summ           100%       N/A       1%          1
b - Call Imp              Summ           100%       N/A       1%          2
c - Call Canine Familiar  Summ           51%        N/A       1%          3
d - Summon Lightning Spi  Summ/Air       38%        N/A       10%         4
e - Mephitic Cloud        Conj/Pois/Air  17%        N/A       21%         3

Your spell library contained the following spells:

 Spells                   Type           Power      Damage    Failure   Level
 Shock                    Conj/Air       72%        1d7       6%          1
 Summon Guardian Golem    Hex/Summ       28%        N/A       8%          3
 Magic Dart               Conj           44%        1d5       12%         1
 Foxfire                  Conj/Fire      32%        2x1d5     16%         1
 Searing Ray              Conj           22%        2d5       17%         2
 Sandblast                Erth           10%        2d5       19%         1
 Slow                     Hex            20%        N/A       19%         1
 Passwall                 Tmut/Erth      4%         N/A       28%         2
 Sublimation of Blood     Necr           5%         N/A       28%         2
 Wereblood                Tmut           5%         N/A       28%         2
 Airstrike                Air            13%        2d(2-18)  30%         4
 Stone Arrow              Conj/Erth      16%        3d8       41%         3
 Confusing Touch          Hex            5%         N/A       50%         3
 Ozocubu's Armour         Ice            5%         N/A       50%         3
 Vampiric Draining        Necr           5%         2d6       50%         3
 Fulminant Prism          Conj/Hex       4%         3d5       83%         4
 Cause Fear               Hex            2%         N/A       88%         4
 Summon Hydra             Summ           25%        N/A       95%         7
 Fireball                 Conj/Fire      4%         3d4       99%         5
 Plasma Beam              Fire/Air       7%         2x1d20    100%        6
 Starburst                Conj/Fire      4%         6d3       100%        6
 Enfeeble                 Hex            2%         N/A       100%        7
 Ozocubu's Refrigeration  Ice            2%         4d8       100%        7
 Maxwell's Capacitive Co  Air            13%        ∞         100%        8


Dungeon Overview and Level Annotations

Branches:
Dungeon (11/15)            Temple (1/1) D:4            Lair (1/5) D:9
  Sewer (visited)         Ossuary (visited)         Gauntlet (1/1)
    Orc: D:9-12

Altars:
Ashenzari
Cheibriados
Dithmenos
Elyvilon
Fedhas
Gozag
Hepliaklqana
Kikubaaqudgha
Makhleb
Nemelex Xobeh
Okawaru
Qazlal
Ru
Sif Muna
Trog
Uskayaw
Vehumet
Wu Jian
Xom
Yredelemnul
Zin
The Shining One

Shops:
D:5 !   D:9 [=[

Annotations:
D:9 2 transporters, 3 runed translucent doors, exclusion: orange crystal statue, pigah's ghost, novice FoCK
Lair:1 3 exclusions Gauntlet 9 transporters, 21 runed translucent doors


Innate Abilities, Weirdness & Mutations

Your life essence is reduced to manifest your ancestor. (-10% HP)
((You are very nimble when in or above water. (Stealth+, EV+, Speed+++)))
Your lower body shifts to a powerful aquatic tail in water.


Message History

Aiming: Corrosive Bolt
Press: ? - help, Shift-Dir - straight line, f/p - thrashing horror
Aim: a thrashing horror (moderately damaged, 71% to hit)
The bolt of acid misses the thrashing horror.
The thrashing horror barely misses you.
The thrashing horror tramples you but does no damage.
You block the thrashing horror's attack.
The thrashing horror tramples you but does no damage.
The nameless horror hits you.
The quicksilver ooze quivers.
You hit the thrashing horror.
The thrashing horror is heavily damaged.
The thrashing horror tramples you!
* * * LOW HITPOINT WARNING * * *
You hold your ground!
The thrashing horror tramples you but does no damage. x3
The thrashing horror tramples you.
* * * LOW HITPOINT WARNING * * *
You hold your ground!
The thrashing horror tramples you but does no damage.
You block the nameless horror's attack. The thrashing horror tramples you!
* * * LOW HITPOINT WARNING * * *
You hold your ground!
You block the thrashing horror's attack.
The thrashing horror tramples you!
* * * LOW HITPOINT WARNING * * *
You hold your ground!
The thrashing horror tramples you but does no damage.
You block the thrashing horror's attack.
The thrashing horror closely misses you.
The nameless horror barely misses you.
You feel better.
The thrashing horror closely misses you.
The thrashing horror tramples you.
* * * LOW HITPOINT WARNING * * *
You hold your ground!
The thrashing horror tramples you!
* * * LOW HITPOINT WARNING * * *
You hold your ground!
The thrashing horror tramples you.
You die...

# ### ### ### ### ### ### ### ###
# #8# #8# #8# #8# #8# #8# #8# #8#
#################################
.................................
.................................
###########...###########...#####
#".#......#.8.#X##...####.8.#....
#...#.....#...#X@...#.###...#.#..
#...#....######X##.##...#####..##
#[...#.##J#...#x##....###...#..##
#©..###...#©.©#©...##.###©.©#©.#.
#.##.#©...#...#!##.##...#...#..##
##....#...#####"##..©.#######..##
#.....#...#...#.#..#..###...#.#..
#).....#..#...#.######..#...#....
###########...###########...#####


You could see a nameless horror, a quicksilver ooze, 2 thrashing horrors and a
small abomination.

Vanquished Creatures
  2 two-headed ogres
  2 rime drakes (Lair:1)
  A shadow (D:9)
  3 yaks
  A basilisk (Lair:1)
  A vampire mosquito (D:10)
  A wyvern (D:9)
  4 orc warriors
  2 black bears
  An ice beast (D:7)
  A phantom (D:7)
  2 small abominations (Gauntlet)
  3 bullfrogs
  A wight (D:7)
  2 killer bees (D:9)
  3 howler monkeys
  2 jellies (Gauntlet)
  A centaur zombie (Ossuary)
  3 hounds
  2 orc priests
  2 iguanas (D:5)
  3 orc wizards
  3 mummies (Ossuary)
  2 adders
  A gnoll (D:7)
  A white imp (D:6)
  3 orcs
  2 ball pythons
  3 giant cockroaches
  2 gnoll zombies (Ossuary)
  A jackal (D:4)
  A bat (D:2)
  4 frilled lizards (Sewer)
  2 goblin zombies (Ossuary)
  A jackal zombie (Ossuary)
  4 kobolds
  A kobold zombie (Ossuary)
  5 rats
  3 rat zombies (Ossuary)
82 creatures vanquished.

Vanquished Creatures (collateral kills)
  Fannar (D:11)
  Erica (D:11)
  4 two-headed ogres
  Nergalle (D:11)
  An orc knight (D:11)
  3 cyclopes (D:11)
  2 slime creatures (Gauntlet)
  A yaktaur (D:11)
  An unseen horror (D:11)
  3 trolls (D:11)
  A vampire (D:11)
  A shadow (D:11)
  Sigmund (D:2)
  A wyvern (D:9)
  10 yaks
  A vampire mosquito (D:10)
  2 acid dragons
  An orc warrior (D:9)
  5 ice beasts
  2 black bears
  2 ogres (D:5)
  4 centaurs
  2 kobold brigands (D:8)
  4 bullfrogs
  An elf zombie (Ossuary)
  2 scorpions (D:5)
  A gnoll sergeant (D:7)
  10 wights
  A killer bee (D:9)
  3 howler monkeys
  A centaur zombie (Ossuary)
  A human zombie (Ossuary)
  2 hounds
  2 jellies
  7 orc priests
  5 iguanas
  6 orc wizards
  2 hound zombies (Ossuary)
  7 gnolls
  A river rat (Sewer)
  5 adders
  A white imp (D:7)
  An ufetubus (D:5)
  2 adder zombies (Ossuary)
  23 orcs
  A ball python (D:1)
  2 bats
  2 endoplasms
  2 giant cockroaches
  3 goblins
  2 hobgoblins
  2 jackals (D:4)
  A quokka (D:1)
  A frilled lizard (D:1)
  A gnoll zombie (Ossuary)
  2 goblin zombies (Ossuary)
  3 hobgoblin zombies (Ossuary)
  4 jackal zombies (Ossuary)
  12 kobolds
  4 kobold zombies (Ossuary)
  A quokka zombie (Ossuary)
  5 rats
  2 rat zombies (Ossuary)
189 creatures vanquished.

Vanquished Creatures (others)
  A knight (D:11)
  A plant (D:9)
2 creatures vanquished.

Grand Total: 273 creatures vanquished

Notes
Turn   | Place    | Note
-------+----------+-------------------------------------------
     0 | D:1      | themarg the Merfolk Summoner began the quest for the Orb.
     0 | D:1      | Reached XP level 1. HP: 13/13 MP: 3/3
   516 | D:1      | Reached XP level 2. HP: 19/19 MP: 1/5
   563 | D:1      | Learned a level 2 spell: Call Imp
  1195 | D:2      | Noticed Sigmund
  1249 | D:2      | Reached XP level 3. HP: 24/24 MP: 3/6
  1253 | D:2      | Learned a level 3 spell: Call Canine Familiar
  1435 | D:2      | Reached skill level 5 in Summonings
  1802 | D:3      | Found a shadowy altar of Dithmenos.
  2213 | D:3      | Found a hazy altar of Hepliaklqana.
  2219 | D:3      | Became a worshipper of Hepliaklqana the Forgotten
  2579 | D:4      | Reached XP level 4. HP: 30/30 MP: 1/7
  2787 | D:4      | Noticed a bullfrog
  2800 | D:4      | Killed a bullfrog
  2801 | D:4      | Reached XP level 5. HP: 12/35 MP: 0/8
  2936 | D:4      | Found a staircase to the Ecumenical Temple.
  2951 | Temple   | Entered the Ecumenical Temple
  3516 | D:5      | Entered Level 5 of the Dungeon
  3518 | D:5      | Noticed a black bear
  3635 | D:5      | Found a glowing golden altar of the Shining One.
  3689 | D:5      | Killed a black bear
  3690 | D:5      | Reached XP level 6. HP: 38/41 MP: 6/9
  3783 | D:5      | Reached * piety under Hepliaklqana
  3848 | D:5      | Found Uquphead's Distillery.
  3905 | D:5      | Reached XP level 7. HP: 41/41 MP: 7/10
  4303 | D:5      | Reached skill level 1 in Air Magic
  4525 | D:6      | Reached ** piety under Hepliaklqana
  4526 | D:6      | Remembered your ancestor Sponge as a knight
  4553 | D:6      | Reached XP level 8. HP: 46/46 MP: 8/11
  4612 | D:6      | Found a glowing drain.
  4616 | Sewer    | Entered a sewer
  5178 | D:6      | Learned a level 4 spell: Summon Lightning Spire
  5895 | D:6      | Reached skill level 10 in Summonings
  6043 | D:6      | Reached XP level 9. HP: 33/57 MP: 7/13
  6129 | D:6      | Identified the staff of air "Lext" {rElec rC+ Stlth+}
  6428 | D:7      | Found a blossoming altar of Fedhas.
  6552 | D:7      | Reached skill level 5 in Fighting
  6693 | D:7      | Reached skill level 5 in Spellcasting
  6775 | D:7      | You fall into a shaft and drop 2 floors!
  6792 | D:9      | Reached skill level 1 in Invocations
  6804 | D:9      | Reached skill level 1 in Throwing
  6804 | D:9      | Reached skill level 1 in Evocations
  6860 | D:9      | Reached skill level 2 in Invocations
  6905 | D:9      | Reached skill level 3 in Invocations
  7118 | D:9      | Reached *** piety under Hepliaklqana
  7169 | D:9      | Noticed an orange crystal statue
  7219 | D:9      | Found a transporter.
  7223 | D:9      | Found an ancient bone altar of Kikubaaqudgha.
  7223 | D:9      | Found a transporter.
  7227 | D:9      | Found a staircase to the Lair.
  7241 | D:9      | Noticed a boulder beetle
  7241 | D:9      | Noticed a great orb of eyes
  7265 | D:9      | Reached skill level 4 in Invocations
  7334 | D:9      | Noticed a red ugly thing
  7355 | D:9      | Reached skill level 5 in Invocations
  7355 | D:9      | Reached XP level 10. HP: 62/66 MP: 13/17
  7434 | D:9      | Found Abiah's Jewellery Shop.
  7443 | D:9      | Found Bom Furi's Armour Shoppe.
  7558 | D:9      | Found a runed translucent gate.
  7558 | D:9      | Found a runed translucent gate.
  7558 | D:9      | Found a runed translucent gate.
  7559 | D:9      | Noticed a ten-headed hydra
  7560 | D:9      | Noticed a ten-headed hydra
  7560 | D:9      | Noticed pigah's ghost (novice FoCK)
  7568 | D:9      | Found Wuorynt's Antique Armour Shop.
  7760 | D:9      | Reached skill level 6 in Invocations
  8095 | D:8      | Found a basalt altar of Yredelemnul.
  8135 | D:8      | Noticed a two-headed ogre
  8142 | D:8      | Killed a two-headed ogre
  8143 | D:8      | Reached skill level 8 in Invocations
  8275 | D:8      | Found a sand-covered staircase.
  8282 | Ossuary  | Entered an ossuary
  8389 | Ossuary  | Reached **** piety under Hepliaklqana
  8821 | D:8      | Noticed a two-headed ogre
  8828 | D:8      | Killed a two-headed ogre
  8829 | D:8      | Reached skill level 9 in Invocations
  9026 | D:8      | Identified the -2 helmet of Sloth {rElec Int+5}
  9246 | D:7      | Reached skill level 10 in Invocations
  9342 | D:7      | Identified 2 scrolls of acquirement
  9343 | D:7      | Acquired the +3 buckler "Inwaamuixe" {rElec rPois}
  9345 | D:7      | Acquired Sif Muna's Volume of Anemomancy and Execration
  9477 | D:7      | Found an iron altar of Okawaru.
  9517 | D:7      | Found a bloodstained altar of Trog.
 10347 | D:9      | Identified the +10 hand axe of Nightmares {freeze, rElec}
 10612 | D:2      | Killed Sigmund
 10778 | D:10     | Entered Level 10 of the Dungeon
 10788 | D:10     | Reached ***** piety under Hepliaklqana
 10789 | D:10     | Found a sacrificial altar of Ru.
 10892 | D:10     | Reached skill level 11 in Invocations
 10892 | D:10     | Reached XP level 11. HP: 30/71 MP: 4/19
 11342 | D:10     | Noticed a two-headed ogre
 11349 | D:10     | Killed a two-headed ogre
 11350 | D:10     | Reached skill level 12 in Invocations
 11350 | D:10     | Reached skill level 1 in Polearms
 11350 | D:10     | Reached skill level 1 in Shields
 11511 | D:10     | Found a stormy altar of Qazlal.
 11511 | D:10     | Found a burning altar of Makhleb.
 11609 | D:10     | Found an ornate altar of the Wu Jian Council.
 11644 | D:10     | Noticed a two-headed ogre
 11655 | D:10     | Killed a two-headed ogre
 12051 | D:11     | Noticed a two-headed ogre
 12054 | D:11     | Noticed a two-headed ogre
 12066 | D:11     | Found a frozen archway.
 12068 | D:11     | Killed a two-headed ogre
 12073 | D:11     | Noticed a cyclops
 12194 | D:11     | Killed a cyclops
 12195 | D:11     | Reached skill level 5 in Polearms
 12231 | D:11     | Killed a two-headed ogre
 12232 | D:11     | Noticed Fannar
 12245 | D:11     | Noticed Nergalle
 12451 | D:11     | Reached skill level 5 in Shields
 12667 | D:11     | Noticed Erica
 12673 | D:11     | Killed Erica
 12685 | D:11     | Killed Fannar
 12687 | D:11     | Reached XP level 12. HP: 10/80 MP: 12/21
 12693 | D:11     | HP: 4/80 [yak (12)]
 12880 | D:11     | Killed Nergalle
 13993 | Lair:1   | Entered Level 1 of the Lair of Beasts
 14081 | Lair:1   | Reached skill level 1 in Poison Magic
 14150 | Lair:1   | Found a gate leading to a gauntlet.
 14170 | Gauntlet | Entered a Gauntlet
 14170 | Gauntlet | Found a transporter.
 14170 | Gauntlet | Found a transporter.
 14170 | Gauntlet | Found a transporter.
 14190 | Gauntlet | Found a transporter.
 14192 | Gauntlet | Found a transporter.
 14201 | Gauntlet | Noticed a thrashing horror
 14202 | Gauntlet | Found a transporter.
 14206 | Gauntlet | Found a transporter.
 14208 | Gauntlet | Noticed a quicksilver ooze
 14218 | Gauntlet | Found a transporter.
 14234 | Gauntlet | Found a large runed translucent door.
 14235 | Gauntlet | Found a large runed translucent door.
 14236 | Gauntlet | Found a large runed translucent door.
 14236 | Gauntlet | Found a large runed translucent door.
 14237 | Gauntlet | Found a runed translucent gate.
 14238 | Gauntlet | Found a large runed translucent door.
 14238 | Gauntlet | Found a large runed translucent door.
 14238 | Gauntlet | Found a runed translucent door.
 14239 | Gauntlet | Found a large runed translucent door.
 14240 | Gauntlet | Found a large runed translucent door.
 14240 | Gauntlet | Noticed a wretched star
 14246 | Gauntlet | Found the amulet of the Air {Inacc Air Fly rElec RMsl}
 14266 | Gauntlet | Found a transporter.
 14304 | Gauntlet | Found a transporter.
 14304 | Gauntlet | Noticed a blizzard demon
 14308 | Gauntlet | Found a transporter.
 14310 | Gauntlet | Found a large runed translucent door.
 14311 | Gauntlet | Found a large runed translucent door.
 14312 | Gauntlet | Found a large runed translucent door.
 14312 | Gauntlet | Found a large runed translucent door.
 14312 | Gauntlet | Found a runed translucent door.
 14313 | Gauntlet | Found a large runed translucent door.
 14314 | Gauntlet | Found a large runed translucent door.
 14315 | Gauntlet | Found a large runed translucent door.
 14315 | Gauntlet | Found a large runed translucent door.
 14316 | Gauntlet | Found a runed translucent gate.
 14316 | Gauntlet | Found a runed translucent gate.
 14318 | Gauntlet | Found a transporter.
 14412 | Gauntlet | Reached skill level 1 in Conjurations
 14551 | Gauntlet | Identified the ring "Juedets" {Ice Will+ Str+6 Slay+2}
 14571 | Gauntlet | Learned a level 3 spell: Mephitic Cloud
 14580 | Gauntlet | Noticed a thrashing horror
 14606 | Gauntlet | HP: 4/87 [thrashing horror (7)]
 14607 | Gauntlet | Slain by a thrashing horror

Illustrated notes

Levels and vault maps discovered:
D:1:      nzn_arrival_water_spiral, layout_basic, hangedman_decor_points,
          minmay_misc_feat_rugged
D:2:      layout_rooms, bh_walls_and_bars, uniq_sigmund
D:3:      layout_loops_ring, lemuel_crystal_altar,
          mainiacjoe_overflow_six_doors_small
D:4:      layout_rooms, minmay_temple_entry_offerings
D:5:      layout_basic, marbit_many_paths, serial_shops, shop
D:6:      minmay_clustersquares, layout_rooms, gup_sewer_entry_bowl,
          grunt_decor_clamped
D:7:      layout_basic, okawaru_ov_weapons_minmay, general_overflow_altar,
          mainiacjoe_overflow_chevrons
D:8:      layout_gridville, old_standard_altar, chequers_ossuary_entry_cave
D:9:      layout_irregular_city, gammafunk_temple_overflow_arena,
          lair_entry_dummy, gammafunk_ghost_hydra_chop, serial_shops,
          nicolae_shop_scrapyard, nicolae_shop_peninsula,
          nicolae_shop_tiny_statue_garden, roderic_lattice_a,
          minmay_protected_statue
D:10:     layout_small_grid, old_standard_altar,
          nicolae_ru_sacrificial_ziggurat, gammafunk_temple_overflow_wave
D:11:     layout_basic, portal_ice_cave_entry_pillars_2, wad_mini_maze,
          uniq_fannar, uniq_erica, uniq_nergalle
Temple:   dpeg_chambers_temple
Lair:1:   layout_regular_city, gauntlet_entry_generic, serial_bayou_pond_e,
          chequers_serial_rivers_room_a, dreamdust_gnoll_shepherd
Gauntlet: gammafunk_gauntlet_hard_choice [nicolae_gauntlet_arena_blocks,
          gammafunk_gauntlet_arena_open, gammafunk_gauntlet_arena_crates,
          nicolae_gauntlet_arena_quarters, nicolae_gauntlet_swirl,
          minmay_gauntlet_arena_make_your_own_arena, gauntlet_exit_green]

Skill      XL: |  1  2  3  4  5  6  7  8  9 10 11 12 |
---------------+-------------------------------------+-----
Summonings     | 5 6 7 8 9 10 | 10.0
Air Magic      | 1 4 |  4.4
Fighting       | 3 5 6 9 |  9.7
Spellcasting   | 5 |  5.0
Invocations    | 5 11 12 | 12.0
Throwing       | 2 |  2.0
Evocations     | 2 |  2.0
Polearms       | 7 |  7.0
Shields        | 5 |  5.0
Poison Magic   | 1 |  1.8
Conjurations   | 1 |  1.2
Dodging        | |  2.6
Stealth        | |  2.1

Action                     |  1- 3 |  4- 6 |  7- 9 | 10-12 || total
---------------------------+-------+-------+-------+-------++-------
  Melee: Unarmed           |    12 |       |       |       ||    12
         Dagger            |    41 |       |       |       ||    41
         Trident           |       |    24 |   121 |   225 ||   370
         Punch             |       |       |     4 |     4 ||     8
   Cast: Summon Small Mamm |    40 |     8 |     4 |       ||    52
         Call Imp          |     9 |     5 |    12 |     5 ||    31
         Call Canine Famil |     1 |     7 |    23 |    41 ||    72
         Summon Lightning  |       |       |    17 |    67 ||    84
 Invoke: Ancestor Life: Kn |       |       |     1 |       ||     1
         Ancestor Identity |       |       |     1 |       ||     1
         Recall Ancestor   |       |       |       |     2 ||     2
         Idealise          |       |       |       |     3 ||     3
  Evoke: Wand              |       |       |       |     5 ||     5
    Use: Scroll            |     2 |     5 |       |    18 ||    25
         Potion            |       |       |     1 |     9 ||    10
   Stab: Distracted        |     2 |       |     8 |     7 ||    17
         Sleeping          |       |       |     4 |       ||     4
 Armour: Robe              |     7 |     6 |    12 |    20 ||    45
         Troll leather arm |       |       |       |    18 ||    18
  Dodge: Dodged            |    44 |    18 |    56 |   106 ||   224
  Block: Buckler           |       |       |       |    34 ||    34

Table legend: (Time is in decaauts)
 A = Elapsed time spent in this place.
 B = Non-inter-level travel time spent in this place.
 C = Inter-level travel time spent in this place.
 D = Time resting spent in this place.
 E = Time spent auto-exploring this place.
 F = Levels seen in this place.
 G = Mean time per level.
                   A        B        C        D        E       F      G
               +--------+--------+--------+--------+--------+-----+--------+
         Total |  14648 |  13983 |    665 |    875 |  10338 |  16 |  915.5 |
       Dungeon |  12961 |  12305 |    656 |    671 |   9608 |  11 | 1178.3 |
        Temple |    225 |    216 |      9 |      0 |    204 |   1 |  225.0 |
          Lair |    176 |    176 |      0 |      0 |      0 |   1 |  176.0 |
         Sewer |    479 |    479 |      0 |    100 |    263 |   1 |  479.0 |
       Ossuary |    368 |    368 |      0 |      0 |    147 |   1 |  368.0 |
      Gauntlet |    437 |    437 |      0 |    104 |    116 |   1 |  437.0 |
               +--------+--------+--------+--------+--------+-----+--------+

Top non-repeatable levels by time:
    D:11: 1896 daAuts
     D:9: 1590 daAuts
    D:10: 1314 daAuts
     D:6: 1309 daAuts
     D:7: 1295 daAuts
     D:8: 1113 daAuts
     D:1: 969 daAuts
     D:5: 963 daAuts
     D:2: 951 daAuts
     D:4: 787 daAuts
     D:3: 770 daAuts
   Sewer: 479 daAuts
Gauntlet: 437 daAuts
 Ossuary: 368 daAuts
  Temple: 225 daAuts
